 Dungeon Crawl Stone Soup version 0.31-a0-177-g4aa6249778 (webtiles) character file.

Game seed: 16553759249948916093

426 qw the Shooter (level 6, -4/58 HPs)
             Began as a Naga Hunter on June 18, 2023.
             Slain by a water moccasin (5 damage)
             ... on level 4 of the Dungeon.
             The game lasted 00:01:09 (3335 turns).

qw the Shooter (Naga Hunter)                        Turns: 3335, Time: 00:01:09

Health: -4/58      AC:  4    Str: 13    XL:     6   Next: 97%
Magic:  6/6        EV:  9    Int:  9    God:
Gold:   262        SH:  0    Dex: 17    Spells: 5/5 levels left

rFire   + . .        a - +2 longbow (heavy)
rCold   . . .        (shield currently unavailable)
rNeg    . . .        c - +0 leather armour
rPois   +            (helmet restricted)
rElec   .            g - +0 cloak
rCorr   .            (no gloves)
SInv    +            (no barding)
Will    .....        i - amulet of the acrobat
Stlth   ++           n - ring of protection from fire
HPRegen 0.29/turn    (no ring)
MPRegen 0.10/turn

%: acrobat
@: lethally poisoned (-4 -> -5), very slow
A: AC +2, large, see invisible, deformed body, poison resistance, slowness 2,
spit poison 1, naga tail 1, antennae 1, noise suppression
a: Spit Poison


You were on level 4 of the Dungeon.
You visited 1 branch of the dungeon, and saw 5 of its levels.

You collected 262 gold pieces.


Innate Abilities, Weirdness & Mutations

Your serpentine skin is tough. (AC +2)
You have supernaturally acute eyesight. (SInv)
Armour fits poorly on your strangely shaped body.
Your system is resistant to poisons. (rPois)
You cover ground very slowly.
You can spit poison.
You have a snake-like lower body.
You have a pair of small antennae on your head.
You passively dampen the noise of your surroundings.


   Skills:
 - Level 4.6 Fighting
 - Level 6.2 Ranged Weapons
 + Level 1.7 Dodging
 - Level 1.5 Stealth


You had 5 spell levels left.
You didn't know any spells.
Your spell library was empty.

Inventory:

Hand Weapons
 a - a +2 heavy longbow (weapon)
Armour
 c - a +0 leather armour (worn)
 g - a +0 cloak (worn)
Jewellery
 i - an amulet of the acrobat (around neck)
 n - a ring of protection from fire (left hand)
Scrolls
 k - a scroll of identify
Potions
 b - a potion of curing {unknown}
 e - a potion of mutation
 h - a potion of enlightenment
 l - a potion of might
 m - a potion of lignification {unknown}

Dungeon Overview and Level Annotations

Branches:
Dungeon (5/15)
 Temple: D:4-7

Altars:
Ashenzari
Wu Jian


Message History

The arrow hits the water moccasin.
The water moccasin hisses angrily.
The water moccasin is lightly wounded.
You shoot an arrow. The arrow hits the water moccasin.
The water moccasin is moderately wounded.
The water moccasin closely misses you.
You shoot an arrow. The arrow hits the water moccasin.
The water moccasin is moderately wounded.
The water moccasin bites you but does no damage.
The water moccasin completely misses you.
The water moccasin barely misses you.
You shoot an arrow.
The arrow closely misses the water moccasin.
The water moccasin bites you! x2; The water moccasin bites you.
3332 ||| STAIRDANCE The water moccasin bites you. x2
You are poisoned.
The water moccasin poisons you!
You climb upwards.
You feel very sick.
There is a stone staircase leading down here.
Enter note:
Enter note:
Enter note:
Enter note:
Enter note:
Enter note:
Enter note:
Enter note:
Enter note:
Enter note: You shoot an arrow.
The arrow hits the water moccasin!
The water moccasin is heavily wounded.
You feel very sick. The water moccasin bites you. The water moccasin bites you!
The water moccasin closely misses you.
You shoot an arrow. The arrow hits the water moccasin!
The water moccasin is almost dead.
You feel sick. The water moccasin bites you! The water moccasin bites you.
You die...

# ###.#.#.#.#.#.......#..88~~ #
###..........................
#####...#.#.#.#.#.#..............
..........................#..88~~
.##...#.#.#.#.#.#<#.....###.....~
..#...#............########.###.~
..##....#.#.#.#.#.## #...# #.#
#.#######...###.#S# #.#####.#
#...............@.#######.....#.#
########...........<....).....#.#
########.........)#############.#
..................#####.......#.#
.........#####....#.....#####.#.#
.........# #....#.....# #...#.#
.........# #....#.....# #.###.#
.........# #....#.....###.....#
.........## #.....(.....##...###


You could see a water moccasin.

Vanquished Creatures
  A black bear (D:4)
  An ogre (D:4)
  A hound (D:4)
  A jelly (D:4)
  8 adders
  3 gnolls (D:3)
  3 worms (D:2)
  2 dart slugs
  3 orcs (D:3)
  8 ball pythons
  12 endoplasms
  9 giant cockroaches
  7 goblins
  4 hobgoblins
  3 jackals (D:4)
  3 kobolds
  3 quokkas
  6 bats
  3 frilled lizards (D:1)
  3 rats
84 creatures vanquished.

Notes
Turn   | Place    | Note
-------+----------+-------------------------------------------
     0 | D:1      | qw the Naga Hunter began the quest for the Orb.
     0 | D:1      | Reached XP level 1. HP: 19/19 MP: 1/1
     0 | D:1      | 0 ||| qw: Version: 0.3-a-5-g6f28e65
     0 | D:1      | 0 ||| qw: Game counter: 640
     0 | D:1      | 0 ||| qw: Always use a shield: true
     0 | D:1      | 0 ||| qw: God list: Okawaru
     0 | D:1      | 0 ||| qw: Allow faded altars: false
     0 | D:1      | 0 ||| qw: Do Orc after D:15 true
     0 | D:1      | 0 ||| qw: Do second Lair branch before Depths: true
     0 | D:1      | 0 ||| qw: Lair rune preference: random
     0 | D:1      | 0 ||| qw: Plans: Normal
     0 | D:1      | 0 ||| PLANNING D:1-11
    21 | D:1      | 21 ||| INVOKING Spit Poison.
    61 | D:1      | 61 ||| INVOKING Spit Poison.
    95 | D:1      | 95 ||| INVOKING Spit Poison.
    96 | D:1      | Reached skill level 4 in Ranged Weapons
    96 | D:1      | Reached XP level 2. HP: 26/26 MP: 2/2
   105 | D:1      | Found a faded altar of an unknown god.
   106 | D:1      | 106 ||| INVOKING Spit Poison.
   140 | D:1      | 140 ||| INVOKING Spit Poison.
   203 | D:1      | 203 ||| INVOKING Spit Poison.
   209 | D:1      | 209 ||| INVOKING Spit Poison.
   240 | D:1      | 240 ||| INVOKING Spit Poison.
   241 | D:1      | 241 ||| INVOKING Spit Poison.
   247 | D:1      | 247 ||| INVOKING Spit Poison.
   313 | D:1      | 313 ||| INVOKING Spit Poison.
   320 | D:1      | 320 ||| INVOKING Spit Poison.
   347 | D:1      | 347 ||| INVOKING Spit Poison.
   381 | D:1      | 381 ||| INVOKING Spit Poison.
   433 | D:1      | Reached XP level 3. HP: 32/32 MP: 3/3
   509 | D:1      | 509 ||| READING scroll labelled UKENOY SISSUM.
   510 | D:1      | 510 ||| READING scroll labelled DEROYF NANIT.
   511 | D:1      | 511 ||| READING scroll labelled ZOFAFI VEFAEMOG.
   511 | D:1      | Identified a scroll of acquirement
   511 | D:1      | 511 ||| ACQUIRING +0 orcbow of flaming
   511 | D:1      | Acquired a +0 orcbow of flaming
   513 | D:1      | 513 ||| SWAPPING to +0 orcbow of flaming.
   514 | D:1      | 514 ||| DROPPING +0 shortbow.
   515 | D:1      | 515 ||| READING scroll labelled CAYDOE ARCHIA.
   516 | D:1      | 516 ||| DROPPING scroll of butterflies.
   539 | D:2      | 539 ||| INVOKING Spit Poison.
   544 | D:2      | 544 ||| INVOKING Spit Poison.
   548 | D:2      | 548 ||| INVOKING Spit Poison.
   663 | D:2      | 663 ||| INVOKING Spit Poison.
   697 | D:2      | 697 ||| INVOKING Spit Poison.
   700 | D:2      | 700 ||| INVOKING Spit Poison.
   719 | D:2      | 719 ||| INVOKING Spit Poison.
   729 | D:2      | 729 ||| INVOKING Spit Poison.
   740 | D:2      | 740 ||| INVOKING Spit Poison.
   741 | D:2      | Reached skill level 5 in Ranged Weapons
   741 | D:2      | Reached XP level 4. HP: 39/39 MP: 4/4
   764 | D:2      | 764 ||| INVOKING Spit Poison.
   788 | D:2      | 788 ||| INVOKING Spit Poison.
   793 | D:2      | 793 ||| INVOKING Spit Poison.
   847 | D:2      | 847 ||| INVOKING Spit Poison.
   918 | D:2      | 918 ||| INVOKING Spit Poison.
   981 | D:2      | 981 ||| INVOKING Spit Poison.
   987 | D:2      | 987 ||| INVOKING Spit Poison.
  1061 | D:2      | 1061 ||| INVOKING Spit Poison.
  1113 | D:2      | 1113 ||| INVOKING Spit Poison.
  1118 | D:2      | 1118 ||| INVOKING Spit Poison.
  1260 | D:2      | 1260 ||| UPGRADING to amulet of the acrobat.
  1265 | D:2      | 1265 ||| READING scroll labelled OXUWKU CORUZO.
  1266 | D:2      | 1266 ||| READING scroll labelled QINAMIH FAIC.
  1267 | D:2      | 1267 ||| READING scroll labelled DEPNOO VOKLAOTIOL.
  1268 | D:2      | 1268 ||| READING scroll labelled KOCIUJ GORPHICE.
  1269 | D:2      | 1269 ||| READING 2 scrolls labelled TAUTOV TOKIMP.
  1370 | D:2      | 1370 ||| DRINKING 2 fizzy yellow potions.
  1370 | D:2      | Gained mutation: You have a pair of small antennae on your
                  | head. [potion of mutation]
  1370 | D:2      | Gained mutation: You passively dampen the noise of your
                  | surroundings. [potion of mutation]
  1371 | D:2      | 1371 ||| DRINKING 3 brown potions.
  1372 | D:2      | 1372 ||| DRINKING 2 golden potions.
  1373 | D:2      | 1373 ||| DROPPING 2 potions of attraction.
  1374 | D:2      | 1374 ||| DROPPING scroll of silence.
  1553 | D:3      | 1553 ||| INVOKING Spit Poison.
  1558 | D:3      | 1558 ||| INVOKING Spit Poison.
  1560 | D:3      | Reached skill level 3 in Fighting
  1562 | D:3      | 1562 ||| INVOKING Spit Poison.
  1565 | D:3      | HP: 8/42 [gnoll/+0 spear (7)]
  1568 | D:3      | Reached XP level 5. HP: 7/49 MP: 5/5
  1722 | D:3      | Found an ornate altar of the Wu Jian Council.
  1858 | D:3      | 1858 ||| INVOKING Spit Poison.
  2050 | D:3      | 2050 ||| INVOKING Spit Poison.
  2110 | D:3      | Found a broken altar of Ashenzari.
  2111 | D:3      | 2111 ||| INVOKING Spit Poison.
  2247 | D:3      | 2247 ||| INVOKING Spit Poison.
  2251 | D:3      | 2251 ||| INVOKING Spit Poison.
  2257 | D:3      | 2257 ||| INVOKING Spit Poison.
  2262 | D:3      | 2262 ||| INVOKING Spit Poison.
  2515 | D:3      | 2515 ||| UPGRADING to +0 cloak.
  2520 | D:3      | 2520 ||| UPGRADING to ring of protection from fire.
  2521 | D:3      | 2521 ||| READING scroll labelled WIAQEA JEVVI.
  2522 | D:3      | 2522 ||| READING scroll labelled METOAS DULUMMA.
  2523 | D:3      | 2523 ||| READING scroll labelled SIEHUO SOBBIMI.
  2524 | D:3      | 2524 ||| READING scroll labelled UTICHI NEZOOTZ.
  2604 | D:3      | 2604 ||| DRINKING 2 grey potions.
  2605 | D:3      | 2605 ||| READING 2 scrolls of identify.
  2605 | D:3      | 2605 ||| IDENTIFYING blue potion
  2606 | D:3      | 2606 ||| DROPPING potion of magic.
  2625 | D:4      | 2625 ||| INVOKING Spit Poison.
  2634 | D:4      | 2634 ||| INVOKING Spit Poison.
  2640 | D:4      | 2640 ||| INVOKING Spit Poison.
  2645 | D:4      | 2645 ||| INVOKING Spit Poison.
  2683 | D:4      | 2683 ||| READING scroll of acquirement.
  2683 | D:4      | 2683 ||| ACQUIRING +2 heavy longbow
  2683 | D:4      | Acquired a +2 heavy longbow
  2685 | D:4      | 2685 ||| SWAPPING to +2 heavy longbow.
  2686 | D:4      | 2686 ||| DROPPING +0 orcbow of flaming.
  2712 | D:4      | Noticed a black bear
  2713 | D:4      | 2713 ||| INVOKING Spit Poison.
  2715 | D:4      | Killed a black bear
  2716 | D:4      | Reached skill level 6 in Ranged Weapons
  2716 | D:4      | Reached XP level 6. HP: 56/56 MP: 6/6
  2741 | D:4      | 2741 ||| INVOKING Spit Poison.
  2749 | D:4      | 2749 ||| INVOKING Spit Poison.
  2753 | D:4      | 2753 ||| INVOKING Spit Poison.
  2755 | D:4      | 2755 ||| INVOKING Spit Poison.
  3065 | D:4      | 3065 ||| INVOKING Spit Poison.
  3327 | D:5      | Entered Level 5 of the Dungeon
  3327 | D:5      | Noticed a water moccasin
  3332 | D:5      | 3332 ||| STAIRDANCE
  3334 | D:4      | HP: 11/58 [water moccasin (7)]
  3335 | D:4      | HP: 1/58 [water moccasin (8)]
  3335 | D:4      | Slain by a water moccasin

Levels and vault maps discovered:
D:1:      dpeg_arrival_rooms_a, layout_basic, ebering_ecumenical_altar_rust
D:2:      layout_loops_ring, minmay_indecisive_spiral
D:3:      layout_loops_corners, overflow_temple_1_default,
          mainiacjoe_overflow_24_doors, chequers_serial_rivers_large_a
D:4:      wander_river, layout_basic, st_stairs_10, minmay_misc_feat_nine_boxes,
          amcnicky_mini_corridor_feature
D:5:      layout_gridville, jmf_multi_god_temple

Skill      XL: |  1  2  3  4  5  6 |
---------------+-------------------+-----
Ranged Weapons | 4 5 6 |  6.2
Fighting       | 3 4 |  4.6
Dodging        | |  1.7
Stealth        | |  1.5

Action                     |  1- 3 |  4- 6 || total
---------------------------+-------+-------++-------
   Fire: Shortbow          |    38 |       ||    38
         Orcbow            |    23 |    70 ||    93
         Longbow           |       |    29 ||    29
Ability: Spit Poison       |    22 |    30 ||    52
    Use: Scroll            |     4 |    11 ||    15
         Potion            |       |     4 ||     4
 Armour: Leather armour    |     6 |    11 ||    17
  Dodge: Dodged            |    15 |    39 ||    54

Table legend:
 A = Non-vault XP
 B = Vault XP
 C = Vault XP percentage of total XP
 D = Non-vault monster count
 E = Vault monster count
 F = Vault count percentage of total count
                 A         B        C        D         E       F
            +---------+---------+-------+---------+---------+-------
      Total |     530 |      79 |  13.0 |      76 |       8 |   9.5
            +---------+---------+-------+---------+---------+-------
        D:1 |      35 |       0 |   0.0 |      22 |       0 |   0.0
        D:2 |      88 |       7 |   7.4 |      23 |       4 |  14.8
        D:3 |      78 |       0 |   0.0 |      15 |       0 |   0.0
        D:4 |     329 |      72 |  18.0 |      16 |       4 |  20.0
            +---------+---------+-------+---------+---------+-------
